 Dungeon Crawl Stone Soup version 0.30-a0-845-g7c6808c8ce (webtiles) character file.

Game seed: 7868291609272491508

97 Demosthentine the Ducker (level 4, 0/34 HPs)
             Began as a Demonspawn Gladiator on Mar 3, 2023.
             Slain by a gnoll
             ... wielding a +0 spear
             ... led by a gnoll sergeant
              (3 damage)
             ... on level 4 of the Dungeon.
             The game lasted 00:01:51 (2055 turns).

Demosthentine the Ducker (Demonspawn Gladiator)     Turns: 2055, Time: 00:01:51

Health: 0/34       AC:  8    Str: 15    XL:     4   Next: 42%
Magic:  4/4        EV: 13    Int:  9    God:
Gold:   140        SH:  0    Dex: 16    Spells: 3/3 levels left

rFire   . . .      SeeInvis .    a - +1 trident (freeze)
rCold   . . .      Faith    .    (no shield)
rNeg    . . .      Spirit   .    b - +0 leather armour
rPois   .          Reflect  .    c - +1 helmet
rElec   .          Rampage  .    (no cloak)
rCorr   .                        (no gloves)
Will    .....                    (no boots)
Stlth   +                        (no amulet)
HPRegen 0.25/turn                (no ring)
MPRegen 0.09/turn                (no ring)

@: no status effects
A: molten scales 2
a: no special abilities


You were on level 4 of the Dungeon.
You visited 1 branch of the dungeon, and saw 4 of its levels.

You collected 140 gold pieces.

Inventory:

Hand Weapons
 a - a +1 trident of freezing (weapon)
Missiles
 d - 3 throwing nets (quivered)
 e - a javelin
Armour
 b - a +0 leather armour (worn)
 c - a +1 helmet (worn)
Jewellery
 g - a ring of positive energy
Scrolls
 i - 2 scrolls of blinking
 j - a scroll of magic mapping
 t - a scroll of teleportation
Potions
 h - 3 potions of magic
 k - a potion of invisibility
 l - a potion of cancellation
 m - a potion of lignification
 n - a potion of flight {unknown}
 r - a potion of heal wounds {unknown}
 s - a potion of might {unknown}
 u - a potion of curing {unknown}
 w - a potion of brilliance {unknown}


   Skills:
 + Level 2.9 Fighting
 + Level 3.3 Polearms
 - Level 1.7 Throwing
 + Level 1.6 Armour
 + Level 3.3 Dodging


You had 3 spell levels left.
You didn't know any spells.
Your spell library contained the following spells:

 Spells                   Type           Power      Damage    Failure   Level
 Dazzling Flash           Conj/Hex       0%         N/A       83%         3
 Iskenderun's Mystic Bla  Conj/Tloc      0%         2d3       99%         4
 Starburst                Conj/Fire      0%         6d3       100%        6


Dungeon Overview and Level Annotations

Branches:
Dungeon (4/15)
 Temple: D:4-7

Altars:
Fedhas
Qazlal

Shops:
D:4 *


Innate Abilities, Weirdness & Mutations

You are mostly covered in molten scales. (AC +3)


Message History

Found a stone staircase leading up.
You closely miss the phantom.
The phantom is lightly damaged.
The gnoll shouts! x5
The phantom hits you but does no damage.
You completely miss the phantom.
The phantom is lightly damaged.
The gnoll hits you with a +0 whip. The phantom hits you.
You miss the phantom.
The phantom is lightly damaged.
The gnoll hits you with a +0 whip.
The phantom hits you but does no damage.
The gnoll sergeant shouts!
You hit the phantom.
The phantom is lightly damaged.
The gnoll barely misses you. The phantom barely misses you.
The gnoll hits you from afar with a +0 spear.
The gnoll closely misses you.
You hit the phantom.
The phantom is moderately damaged.
The gnoll hits you from afar with a +0 spear.
The phantom completely misses you. The gnoll hits you with a +0 flail!
Unknown command.
Found an escape hatch in the ceiling.
The gnoll throws a throwing net.
The throwing net hits you.
You become entangled in the net!
The phantom hits you but does no damage.
The gnoll hits you but does no damage.
You see here a throwing net.
You struggle against the net.
The phantom hits you.
* * * LOW HITPOINT WARNING * * *
The phantom blinks!
You blink.
The gnoll throws a throwing net.
The throwing net closely misses you.
The throwing net hits the phantom.
The net passes right through the phantom!
The phantom attacks as you move away! The phantom barely misses you.
Found a book of the Hunter.
The gnoll sergeant hits you with a +0 spear!
* * * LOW HITPOINT WARNING * * *
The gnoll hits you from afar with a +0 spear.
You die...

............(..####........#
...................)......>#
....))..#......###..........
####)####......####.ยง.......
#.# #......##..g........ #.#
##.......g.g=......# ...
...........######.## .....
....>...ggg# ..
..............W@..#### #
#.............(........:
##########..<...........
#..............
##########..... ..... ....
....


You could see a phantom, a gnoll sergeant and 5 gnolls.

Vanquished Creatures
  3 adders
  A worm (D:2)
  4 dart slugs
  5 orcs
  3 endoplasms
  5 giant cockroaches
  A goblin (D:2)
  6 hobgoblins
  2 jackals (D:1)
  6 kobolds
  2 quokkas
  2 ball pythons
  4 bats
  A frilled lizard (D:1)
  6 rats
51 creatures vanquished.

Notes
Turn   | Place    | Note
-------+----------+-------------------------------------------
     0 | D:1      | Demosthentine the Demonspawn Gladiator began the quest for
                  | the Orb.
     0 | D:1      | Reached XP level 1. HP: 16/16 MP: 1/1
   215 | D:1      | Found a faded altar of an unknown god.
   298 | D:1      | Gained mutation: You are partially covered in molten
                  | scales. (AC +2) [demonic ancestry]
   298 | D:1      | Reached XP level 2. HP: 22/22 MP: 2/2
   940 | D:2      | Reached skill level 1 in Armour
   992 | D:2      | Gained mutation: You are mostly covered in molten scales.
                  | (AC +3) [demonic ancestry]
   992 | D:2      | Reached XP level 3. HP: 28/28 MP: 3/3
  1136 | D:2      | Found a blossoming altar of Fedhas.
  1493 | D:3      | Reached XP level 4. HP: 30/34 MP: 4/4
  1575 | D:3      | Found a stormy altar of Qazlal.
  2039 | D:4      | Found Vunoghao's Elemental Accessories.
  2039 | D:4      | Noticed a phantom
  2046 | D:4      | Noticed a gnoll sergeant
  2055 | D:4      | Slain by a gnoll

Illustrated notes

Levels and vault maps discovered:
D:1:      lightli_arrival_quake, layout_basic,
          shapermc_ecumenical_altar_totnotflames
D:2:      layout_rooms, basic_altar, kennysheep_path_1
D:3:      layout_loops_cross, nicolae_qazlal_general_emergency
D:4:      layout_rooms, nicolae_elemental_shop, uniq_edmund

Skill      XL: |  1  2 |
---------------+-------+-----
Polearms       | 3 |  3.3
Armour         | 1 |  1.6
Dodging        | 3 |  3.3
Fighting       | |  2.9
Throwing       | |  1.7

Action                     |  1- 3 |  4- 6 || total
---------------------------+-------+-------++-------
  Melee: Trident           |   116 |    43 ||   159
    Use: Scroll            |    10 |     4 ||    14
   Stab: Sleeping          |     3 |     2 ||     5
 Armour: Leather armour    |    23 |    13 ||    36
  Dodge: Dodged            |    59 |    18 ||    77

Table legend: (Time is in decaauts)
 A = Elapsed time spent in this place.
 B = Non-inter-level travel time spent in this place.
 C = Inter-level travel time spent in this place.
 D = Time resting spent in this place.
 E = Time spent auto-exploring this place.
 F = Levels seen in this place.
 G = Mean time per level.
                   A        B        C        D        E       F      G
               +--------+--------+--------+--------+--------+-----+--------+
         Total |   2078 |   2035 |     43 |      0 |   1625 |   4 |  519.5 |
       Dungeon |   2078 |   2035 |     43 |      0 |   1625 |   4 |  519.5 |
               +--------+--------+--------+--------+--------+-----+--------+

Top non-repeatable levels by time:
     D:1: 888 daAuts
     D:3: 592 daAuts
     D:2: 530 daAuts
     D:4: 67 daAuts
